 Dungeon Crawl Stone Soup version 0.31-a0-313-g785cd24033 (webtiles) character file.

Game seed: 13373478998475023295

198 AdnanSaban the Shield-Bearer (level 5, -2/33 HPs)
             Began as a Gargoyle Fighter on July 17, 2023.
             Slain by an orc
             ... wielding a +0 hand axe
              (5 damage)
             ... on level 4 of the Dungeon.
             The game lasted 00:04:29 (3253 turns).

AdnanSaban the Shield-Bearer (Gargoyle Fighter)     Turns: 3253, Time: 00:04:30

Health: -2/33      AC: 11    Str: 28    XL:     5   Next: 77%
Magic:  5/5        EV:  9    Int:  8    God:
Gold:   106        SH:  0    Dex:  9    Spells: 4/4 levels left

rFire   + . .        a - +0 flail
rCold   + . .        o - +0 kite shield
rNeg    + . .        b - +0 scale mail
rPois   ∞            (no helmet)
rElec   +            i - scarf {rC+ rF+}
rCorr   .            (no gloves)
SInv    .            (no boots)
Will    .....        (no amulet) Stlth
                     r - +6 ring of strength
HPRegen 0.25/turn    (no ring)
MPRegen 0.09/turn

%: no passive effects
@: confused
A: sickness immunity, AC +4, negative energy resistance 1, electricity
resistance, torment resistance 1, petrification resistance
a: no special abilities


You were on level 4 of the Dungeon.
You visited 1 branch of the dungeon, and saw 4 of its levels.

You collected 106 gold pieces.

Inventory:

Hand Weapons
 a - a +0 flail (weapon)
Armour
 b - a +0 scale mail (worn)
 i - a scarf of resistance (worn)
 o - a +0 kite shield (worn)
Jewellery
 r - a +6 ring of strength (left hand)
Wands
 p - a wand of roots (11)
 w - a wand of polymorph (6)
Scrolls
 c - a scroll of enchant weapon {unknown}
 e - 2 scrolls of fear {unknown}
 h - a scroll of summoning {unknown}
 k - 3 scrolls of acquirement {unknown}
 m - a scroll of amnesia {unknown}
 q - 3 scrolls of blinking {unknown}
 t - a scroll of identify {unknown}
 u - a scroll of revelation {unknown}
 v - a scroll of poison {unknown}
Potions
 d - 2 potions of might
 f - a potion of cancellation {unknown}
 g - a potion of lignification {unknown}
 j - 3 potions of haste {unknown}
 l - 5 potions of curing {unknown}
 n - a potion of resistance {unknown}
 s - a potion of berserk rage {unknown}


   Skills:
 + Level 4.0 Fighting
 + Level 4.1 Maces & Flails
 + Level 4.1 Armour
 + Level 4.2 Shields


You had 4 spell levels left.
You didn't know any spells.
Your spell library contained the following spells:

 Spells                   Type           Power      Damage    Failure   Level
 Ensorcelled Hibernation  Hex/Ice        0%         N/A       95%         2
 Anguish                  Hex/Necr       0%         N/A       100%        4


Dungeon Overview and Level Annotations

Branches:
Dungeon (4/15)
 Temple: D:4-7

Altars:

Annotations:
D:3 3 runed translucent doors, greenbourne's ghost, weakling DrBe
D:4 Pikel


Innate Abilities, Weirdness & Mutations

You are immune to sickness and miasma.
Your stone body is resilient. (AC +4)
You are immune to poison.
You resist negative energy. (rN+)
You are resistant to electric shocks. (rElec)
You are resistant to unholy torment.
You are immune to petrification.


Message History

The orc wizard hits you but does no damage.
You feel less confused. The orc hits you but does no damage.
You barely miss the orc wizard. The orc closely misses you.
The orc wizard completely misses you.
You sock the orc wizard!
The orc wizard is severely wounded.
You block the orc's attack. The orc closely misses you.
The orc wizard mumbles some strange words.
The orc wizard flickers and vanishes!
Deactivating autopickup; reactivate with Ctrl-A.
You closely miss something. The orc hits you but does no damage.
The orc barely misses you. Something hits you but does no damage.
You miss something. You block the orc's attack. x2
Something hits you but does no damage. The orc hits you but does no damage.
You hear some strange, mumbled words.
Something tries to affect you, but you resist.
The orc hits you but does no damage. The orc hits you with a +0 war axe.
You miss something. The orc barely misses you. The orc closely misses you.
The orc hits you with a +0 hand axe. Something hits you but does no damage.
You miss something. The orc barely misses you.
The orc hits you but does no damage. You block the orc's attack.
Something hits you but does no damage.
You closely miss something. You block the orc's attack.
The orc hits you but does no damage. x2; Something hits you but does no damage.
The orc hits you with a +0 hand axe. Something hits you but does no damage.
You block the orc's attack. The orc hits you with a +0 war axe.
You miss something. You block the orc's attack. The orc barely misses you.
The orc completely misses you. Something hits you.
You barely miss the orc. The orc hits you but does no damage.
The orc hits you with a +0 war axe. You block the orc's attack.
Something hits you but does no damage.
You sock the orc!
You kill the orc!
You hear some strange, mumbled words.
You are confused.
The orc hits you with a +0 war axe!
* * * LOW HITPOINT WARNING * * *
The orc hits you with a +0 hand axe.
You die...

...........##.
.............
$.............
........#.... #
............. . ..
......... ..# #.
#.##........ ...
#.##.#{@.#.... ..#.
.###.#.)o)o#......
....
#.............#...
....
#.............#..##
....
....#..............
....
....#..............
....
.#.................
.#.
............#......
(................#
##


You could see 2 orcs.

Vanquished Creatures
  A lemure (D:3)
  An orc priest (D:3)
  2 orc wizards (D:4)
  6 adders
  2 dart slugs
  5 orcs
  3 endoplasms
  3 giant cockroaches
  10 goblins
  A hobgoblin (D:2)
  3 quokkas
  10 ball pythons
  4 bats
  3 frilled lizards
  6 kobolds
  3 rats (D:2)
63 creatures vanquished.

Notes
Turn   | Place    | Note
-------+----------+-------------------------------------------
     0 | D:1      | AdnanSaban the Gargoyle Fighter began the quest for the
                  | Orb.
     0 | D:1      | Reached XP level 1. HP: 14/14 MP: 1/1
   320 | D:1      | Reached XP level 2. HP: 19/19 MP: 2/2
  1011 | D:2      | Reached XP level 3. HP: 23/23 MP: 3/3
  1036 | D:2      | Identified the +0 ring mail of the Circus Animal {Int+3}
  1373 | D:2      | Reached XP level 4. HP: 29/29 MP: 4/4
  1863 | D:3      | Found a runed translucent gate.
  1863 | D:3      | Found a runed translucent gate.
  1863 | D:3      | Found a runed translucent gate.
  2326 | D:3      | Noticed greenbourne's ghost (weakling DrBe)
  2511 | D:3      | Reached XP level 5. HP: 20/33 MP: 5/5
  2577 | D:4      | Noticed a lemure
  2612 | D:4      | Noticed a lemure
  3067 | D:4      | Noticed Pikel
  3068 | D:4      | Noticed a lemure
  3068 | D:4      | Noticed a lemure
  3120 | D:3      | Killed a lemure
  3253 | D:4      | Slain by an orc

Illustrated notes

Levels and vault maps discovered:
D:1:      dpeg_arrival_central, layout_basic, serial_curves, eino_curves_01,
          eino_curves_04, st_stairs_9, dk_noncrumbling_3, minmay_pentomino_t2
D:2:      layout_loops_ring, nicolae_titane
D:3:      layout_loops_cross, gammafunk_ghost_icy, minmay_strange_pillars
D:4:      layout_layer_cave, minmay_temple_entry_overgrown, uniq_edmund,
          uniq_pikel

Skill      XL: |  1  2  3  4  5 |
---------------+----------------+-----
Maces & Flails | 3 4 |  4.1
Shields        | 4 |  4.2
Fighting       | 4 |  4.0
Armour         | 4 |  4.1

Action                     |  1- 3 |  4- 6 || total
---------------------------+-------+-------++-------
  Melee: Flail             |   135 |   126 ||   261
 Armour: Scale mail        |    90 |    73 ||   163
  Dodge: Dodged            |    63 |    49 ||   112
  Block: Buckler           |    16 |       ||    16
         Kite shield       |    15 |    62 ||    77

Table legend: (Time is in decaauts)
 A = Elapsed time spent in this place.
 B = Non-inter-level travel time spent in this place.
 C = Inter-level travel time spent in this place.
 D = Time resting spent in this place.
 E = Time spent auto-exploring this place.
 F = Levels seen in this place.
 G = Mean time per level.
                   A        B        C        D        E       F      G
               +--------+--------+--------+--------+--------+-----+--------+
         Total |   3345 |   3230 |    115 |    163 |   2394 |   4 |  836.2 |
       Dungeon |   3345 |   3230 |    115 |    163 |   2394 |   4 |  836.2 |
               +--------+--------+--------+--------+--------+-----+--------+

Top non-repeatable levels by time:
     D:1: 977 daAuts
     D:3: 977 daAuts
     D:2: 750 daAuts
     D:4: 639 daAuts
